 Dungeon Crawl Stone Soup version 0.15.0-12-gccce430 (console) character file.

54 gw the Chucker (level 3, -11/37 HPs)
             Began as an Ogre Hunter on Sept 1, 2014.
             Mangled by a gnoll
             ... wielding a +0 halberd
              (14 damage)
             ... on Level 2 of the Dungeon.
             The game lasted 00:00:26 (1446 turns).

gw the Chucker (Ogre Hunter)                        Turns: 1446, Time: 00:00:26

HP -11/37        AC  3     Str 17      XL: 3   Next: 91%
MP   3/3         EV 10     Int 10      God:
Gold 0           SH  0     Dex 11      Spells:  0 memorised,  2 levels left

rFire  . . .     SeeInvis .     i - +0 whip
rCold  . . .     Clarity  +     d - +0 animal skin
rNeg   . . .     rCorr    .     (shield restricted)
rPois  .         rRot     .     (helmet restricted)
rElec  .         Spirit   .     (no cloak)
SustAb .         Warding  .     (gloves unavailable)
rMut   .         Stasis   .     (boots unavailable)
Gourm  .                        (no amulet)
MR     .....                    (no ring)
                                (no ring)

@: not resistant to hostile enchantments, very unstealthy
A: unfitting armour, breathe flames 1, clarity, screaming 1, tough skin 1
a: Breathe Fire


You were on level 2 of the Dungeon.
You were near starving.

You visited 1 branch of the dungeon, and saw 2 of its levels.

Inventory:

Hand weapons
 i - a +0 whip (weapon)
Missiles
 b - 5 large rocks (quivered)
 c - 2 throwing nets
 g - 61 stones
 h - 6 javelins
Armour
 d - a +0 animal skin (worn)
Comestibles
 f - 2 meat rations
Potions
 a - a potion of might {unknown}
 e - 3 potions of curing {unknown}


   Skills:
 + Level 3.4 Fighting
 * Level 3.4 Maces & Flails
 + Level 4.6 Throwing
 + Level 2.1 Dodging
 - Level 0.7 Stealth


You had 2 spell levels left.
You didn't know any spells.

Dungeon Overview and Level Annotations

Branches:
Dungeon (2/15)

Altars:
Dithmenos


Innate Abilities, Weirdness & Mutations

You are too large for most types of armour.
You have tough skin (AC +1).
You can breathe flames.
You possess an exceptional clarity of mind.
You occasionally shout uncontrollably at your foes.


Message History

The giant gecko bites you but does no damage.
The kobold hits you but does no damage. The giant gecko closely misses you.
MOVING TO (8,3) FLEEEEING!
ATTACKING (-1,0)
You hit the gnoll.
The gnoll is lightly wounded.
The gnoll hits you with a whip.
FLEEEEING!
ATTACKING (-1,0)
You hit the gnoll.
The gnoll is moderately wounded.
The gnoll hits you with a club. The gnoll closely misses you.
FLEEEEING!
ATTACKING (-1,0)
You hit the gnoll.
The gnoll is moderately wounded.
The gnoll hits you but does no damage.
The gnoll hits you from afar with a halberd!
You die...

####. ### #.... #.. #.... #..
#.... #.. ## #...##### #..
...##...gKgO#.## #..
.(.......g#g#$.%. ######..
............l...... ........
......!...........$.####..[..
....................+........
...........#+#.....###....<.
...........#.#.....# #.#....
...#######'#.#.....# #......
# #.....#.....####.....


You could see 3 gnolls, a giant gecko, a hobgoblin and a kobold.

Table legend:
 A = Turns spent in this place as a percentage of turns spent in the entire game.
 B = Non-inter-level travel turns spent in this place as a percentage of non-inter-level travel turns spent in the entire game.
 C = Inter-level travel turns spent in this place as a percentage of turns spent in this place.
 D = Turns resting spent in this place as a percentage of non-inter-level travel turns spent in this place.
 E = Turns spent auto-exploring this place as a percentage of non-inter-level travel turns spent in this place.
 F = Non-inter-level travel turns spent in this place divided by the number of levels of this place that you've seen.
                   A       B       C       D       E      F
               +-------+-------+-------+-------+-------+----------------------
         Total | 100.0 | 100.0 |   1.8 |  11.0 |  20.6 | 109.0
       Dungeon | 100.0 | 100.0 |   1.8 |  11.0 |  20.6 | 109.0
               +-------+-------+-------+-------+-------+----------------------

Table legend:
 A = Kills in this place as a percentage of kills in entire the game.
 B = Kills by you in this place as a percentage of kills by you in the entire game.
 C = Kills by friends in this place as a percentage of kills by friends in the entire game.
 D = Other kills in this place as a percentage of other kills in the entire game.
 E = Experience gained in this place as a percentage of experience gained in the entire game.
 F = Experience gained in this place divided by the number of levels of this place that you have seen.
                   A       B       C       D       E      F
               +-------+-------+-------+-------+-------+----------------------
         Total | 100.0 | 100.0 |  -nan |  -nan | 100.0 |  39.0
       Dungeon | 100.0 | 100.0 |  -nan |  -nan | 100.0 |  39.0
               +-------+-------+-------+-------+-------+----------------------

Vanquished Creatures
  2 adders (D:2)
  A gnoll (D:2)
  A worm (D:2)
  2 giant cockroaches (D:2)
  2 goblins (D:1)
  2 hobgoblins
  2 jackals (D:1)
  4 kobolds
  3 bats
  3 giant newts
  3 rats
25 creatures vanquished.

Notes
Turn   | Place    | Note
--------------------------------------------------------------
     0 | D:1      | gw, the Ogre Hunter, began the quest for the Orb.
     0 | D:1      | Reached XP level 1. HP: 22/22 MP: 1/1
   328 | D:1      | Reached XP level 2. HP: 29/29 MP: 2/2
   697 | D:1      | Gained mutation: You can breathe flames. [potion of mutation]
   697 | D:1      | Gained mutation: You occasionally shout uncontrollably at your foes. [potion of mutation]
   697 | D:1      | Gained mutation: You possess an exceptional clarity of mind. [potion of mutation]
   752 | D:2      | Reached XP level 3. HP: 22/37 MP: 3/3
  1071 | D:2      | Found a shadowy altar of Dithmenos.
  1446 | D:2      | Mangled by a gnoll

Action                   || total
-------------------------++-------
Melee: Club              ||    31
       Whip              ||    40
Throw: Large rock        ||    24
  Use: Scroll            ||     3
       Potion            ||     2

Vault maps used:
D:1:      tarquinn_simple_flora_water_c
D:2:      grunt_dithmenos_smoke_and_mirrors, first_bread, uniq_iyjb
